 Dungeon Crawl Stone Soup version 0.30-a0-639-g3916f1956a (webtiles) character file.

Game seed: 16521690781852388996

430 wormed the Magician (level 6, 0/41 HPs)
             Began as a Mummy Necromancer on Jan 16, 2023.
             Slain by a black bear (2 damage)
             ... on level 4 of the Dungeon.
             The game lasted 00:05:58 (3628 turns).

wormed the Magician (Mummy Necromancer)             Turns: 3628, Time: 00:05:59

Health: 0/41       AC:  5    Str: 11    XL:     6   Next: 66%
Magic:  0/15       EV: 12    Int: 17    God:
Gold:   107        SH:  0    Dex: 12    Spells: 4/17 levels left

rFire   . . .      SeeInvis .    (no weapon)
rCold   . . .      Faith    +    (no shield)
rNeg    + + +      Spirit   .    a - +1 robe
rPois   ∞          Reflect  .    (no helmet)
rElec   .          Harm     .    (no cloak)
rCorr   .          Rampage  .    (no gloves)
Will    .....                    e - +1 pair of boots
Stlth   ++                       d - amulet of regeneration
HPRegen 1.06/turn                b - ring of fire
MPRegen 0.14/turn                (no ring)

@: no status effects
A: cold resistance 1, negative energy resistance 3, torment resistance 2, heat
vulnerability 1, in touch with death 1, no potions, faith
a: no special abilities


You were on level 4 of the Dungeon.
You visited 1 branch of the dungeon, and saw 4 of its levels.

You collected 107 gold pieces.

Inventory:

Armour
 a - a +1 robe (worn)
 e - a +1 pair of boots (worn)
Jewellery
 b - a ring of fire (left hand)
 d - an amulet of regeneration (around neck)
Wands
 i - a wand of light (6) (quivered)
Scrolls
 c - 2 scrolls of enchant armour
 f - a scroll of fear
 g - a scroll of enchant weapon
 h - 2 scrolls of teleportation


   Skills:
 - Level 1.5 Dodging
 - Level 1.5 Stealth
 + Level 6.4 Spellcasting
 + Level 6.3 Necromancy


You had 4 spell levels left.
You knew the following spells:

 Your Spells              Type           Power      Damage    Failure   Level
a - Necrotise             Necr           100%       1d9       1%          1
b - Vampiric Draining     Necr           40%        2d8       2%          3
c - Animate Dead          Necr           40%        N/A       9%          4
d - Agony                 Necr           40%        N/A       24%         5

Your spell library contained the following spells:

 Spells                   Type           Power      Damage    Failure   Level


Dungeon Overview and Level Annotations

Branches:
Dungeon (4/15)
 Temple: D:4-7

Altars:

Portals:
Abyss: D:3

Annotations:
D:3 2 transporters, Sigmund; bmack86's ghost, amateur MiFi


Innate Abilities, Weirdness & Mutations

You are immune to poison.
Your flesh is cold resistant. (rC+)
You are immune to negative energy. (rN+++)
You are immune to unholy pain and torment.
You are vulnerable to heat. (rF-)
You are in touch with the powers of death.
You do not drink.
You have a special connection with the divine. (Faith)


Message History

Aim: a black bear (severely wounded, ally target, 79% to hit)
The bolt of light misses the black bear.
The black bear goes berserk!
Your quokka skeleton barely misses the black bear.
Casting: Vampiric Draining (dangerous; 2% risk of failure)
Confirm with . or Enter, or press ? or * to list all spells.
You don't have enough magic to cast this spell.
Aiming: Bolt of Light
Press: ? - help, Q - select action, (/) - cycle Shift-Dir - straight line, f/p - black bear
Aim: a black bear (severely wounded, berserk, ally target, 79% to hit)
The bolt of light misses the black bear.
The black bear bites you.
* * * LOW HITPOINT WARNING * * *
The black bear claws you.
* * * LOW HITPOINT WARNING * * *
The black bear claws you.
* * * LOW HITPOINT WARNING * * *
Your quokka skeleton closely misses the black bear.
Casting: Vampiric Draining (dangerous; 2% risk of failure)
Confirm with . or Enter, or press ? or * to list all spells.
You don't have enough magic to cast this spell.
Aiming: Bolt of Light
Press: ? - help, Q - select action, (/) - cycle Shift-Dir - straight line, f/p - black bear
Aim: a black bear (severely wounded, berserk, ally target, 79% to hit)
The bolt of light misses the black bear.
The black bear misses you. The black bear barely misses you.
The black bear claws you.
* * * LOW HITPOINT WARNING * * *
Your quokka skeleton barely misses the black bear.
The black bear bites you.
* * * LOW HITPOINT WARNING * * *
The black bear completely misses you. The black bear barely misses you.
Casting: Vampiric Draining (dangerous; 2% risk of failure)
Confirm with . or Enter, or press ? or * to list all spells.
Aiming: Necrotise (safe; 1% risk of failure)
Press: ? - help, Shift-Dir - straight line, f/p - black bear
Aim: a black bear (severely wounded, berserk, ally target, chance to affect: 83%)
You feel a surge of power!
The black bear writhes in agony.
The black bear barely misses you. The black bear claws you.
You die...

..###.#.######### #
..... #.....### #. ....
###.#...###.### ...
#.###........ .. #.#
#.#!..... #.
..###.###.#..
#.#######.....#.##.
####'#.h.....+.....#.##.
......Z@...###.....#.##.
......)##....'.....'.##.
....... ###.##.....####.
....... #.##.....# #.
....... #.####'######.
......$ #....#.....##.
####### ####.#####.###
#.#...#.### #.#.#.#....


You could see a black bear (berserk, ally target) and a friendly quokka
skeleton.

Vanquished Creatures
  2 ogres
  A howler monkey (D:4)
  A hound (D:4)
  Natasha (thrice) (D:2)
  4 gnolls (D:3)
  An adder (D:3)
  A dart slug (D:1)
  An orc (D:3)
  4 ball pythons (D:3)
  4 endoplasms
  A giant cockroach (D:3)
  3 goblins
  11 hobgoblins
  3 quokkas
  9 bats
  2 frilled lizards (D:2)
  4 kobolds
  10 rats
65 creatures vanquished.

Vanquished Creatures (collateral kills)
  A bat (D:1)
1 creature vanquished.

Grand Total: 66 creatures vanquished

Notes
Turn   | Place    | Note
-------+----------+-------------------------------------------
     0 | D:1      | wormed the Mummy Necromancer began the quest for the Orb.
     0 | D:1      | Reached XP level 1. HP: 13/13 MP: 4/4
   330 | D:1      | Reached XP level 2. HP: 15/19 MP: 3/6
  1164 | D:2      | Gained mutation: You are in touch with the powers of death.
                  | [Mummy growth]
  1164 | D:2      | Reached XP level 3. HP: 24/24 MP: 6/8
  1269 | D:2      | Noticed Natasha
  1274 | D:2      | Killed Natasha
  1412 | D:2      | Learned a level 3 spell: Vampiric Draining
  1809 | D:2      | Reached XP level 4. HP: 30/30 MP: 8/10
  1967 | D:2      | Noticed Natasha
  1973 | D:2      | Killed Natasha
  1974 | D:2      | Reached skill level 5 in Necromancy
  2109 | D:2      | Noticed an ogre
  2127 | D:2      | Noticed Natasha
  2135 | D:2      | Killed an ogre
  2136 | D:2      | Reached skill level 5 in Spellcasting
  2136 | D:2      | Reached XP level 5. HP: 35/35 MP: 0/12
  2150 | D:2      | Killed Natasha
  2293 | D:2      | Learned a level 4 spell: Animate Dead
  2299 | D:2      | Learned a level 5 spell: Agony
  2386 | D:3      | Found a transporter.
  2417 | D:3      | Noticed a small abomination
  2426 | D:3      | Found a transporter.
  2611 | D:3      | Noticed Sigmund
  2640 | D:3      | Noticed a small abomination
  2648 | D:3      | Found a one-way gate to the infinite horrors of the Abyss.
  2648 | D:3      | Noticed bmack86's ghost (amateur MiFi)
  3286 | D:3      | Reached XP level 6. HP: 41/41 MP: 3/14
  3627 | D:4      | HP: 1/41 [black bear (5)]
  3628 | D:4      | Slain by a black bear

Illustrated notes

Levels and vault maps discovered:
D:1:      psy_arrival_basics, layout_loops_cross, hex_tiny,
          minmay_misc_feat_cross
D:2:      layout_loops_corners, serial_glass, glass_columns_c, glass_columns_b,
          minmay_small_reverse_x, uniq_natasha
D:3:      layout_loops_ring, gammafunk_ghost_abyssal_escape,
          small_statue_intersection, dk_vineyard_2, uniq_sigmund
D:4:      layout_basic, chequers_temple_overflow_minitemple,
          portal_sewer_entry_e, minmay_distorted, uniq_eustachio, uniq_duvessa,
          uniq_robin

Skill      XL: |  1  2  3  4  5  6 |
---------------+-------------------+-----
Spellcasting   | 3 4 5 6 |  6.4
Necromancy     | 5 6 |  6.3
Dodging        | |  1.5
Stealth        | |  1.5

Action                   |  1- 3 |  4- 6 || total
-------------------------+-------+-------++-------
Melee: Unarmed           |     1 |     6 ||     7
 Cast: Necrotise         |    67 |    53 ||   120
       Vampiric Draining |     3 |    13 ||    16
Evoke: Wand              |       |     4 ||     4
  Use: Scroll            |       |     5 ||     5
Armor: Robe              |     5 |     4 ||     9
Dodge: Dodged            |    13 |    48 ||    61

Table legend: (Time is in decaauts)
 A = Elapsed time spent in this place.
 B = Non-inter-level travel time spent in this place.
 C = Inter-level travel time spent in this place.
 D = Time resting spent in this place.
 E = Time spent auto-exploring this place.
 F = Levels seen in this place.
 G = Mean time per level.
                   A        B        C        D        E       F      G
               +--------+--------+--------+--------+--------+-----+--------+
         Total |   3635 |   3480 |    155 |      0 |   2982 |   4 |  908.8 |
       Dungeon |   3635 |   3480 |    155 |      0 |   2982 |   4 |  908.8 |
               +--------+--------+--------+--------+--------+-----+--------+

Top non-repeatable levels by time:
     D:2: 1342 daAuts
     D:1: 1035 daAuts
     D:3: 990 daAuts
     D:4: 267 daAuts
